AoeStats
← 1301015563

Black Forest

509637472Analyzed
4v4 RM · 4d ago on Sep 27, 2026· 39m 31s· 8 players
Game mode
Random Map
Map size
Large (8 player)
Population
200
Speed
Normal
Resources
Standard
Victory
Conquest
Starting age
Dark Age
Ending age
Imperial Age
RankedLock teamsTeams togetherTeam positionsShared explorationLock speedFull tech treeHidden civsTurbo modeCheats
Victory
Defeat
🇻🇳 Khmer · Vietnam
1110
+14
🇨🇳 Franks · China
1072
+16
🇨🇳 Bulgarians · China
1069
+16
🇨🇳 Italians · China
980
+19
🇪🇸 Bohemians · Spain
1104
-18
🇧🇷 Persians · Brazil
1058
-16
🇪🇨 Malay · Ecuador
1052
-16
🇹🇷 Celts · Türkiye
1031
-15
Nicolass
10:37 Feudal Age
13:35 Double-Bit Axe
17:25 Castle Age
19:39 Light Cavalry
28:12 Imperial Age
27:07 Chemistry
25:50 Pikeman
28:52 Scale Barding Armor
28:57 Forging
28:48 Scale Mail Armor
30:47 Halberdier
32:02 Husbandry
Be_Kes_O
1:44 Loom
12:40 Feudal Age
18:33 Double-Bit Axe
18:33 Horse Collar
21:45 Castle Age
24:28 Heavy Plow
25:17 Bow Saw
27:45 Town Watch
28:37 Wheelbarrow
32:21 Imperial Age
30:41 Scale Mail Armor
31:25 Forging
32:21 Chain Mail Armor
32:51 Elite Woad Raider
34:40 Conscription
Al3tas0
0:30 Loom
13:07 Feudal Age
Volt Br8765
11:39 Feudal Age
15:26 Castle Age
14:03 Double-Bit Axe
14:13 Gold Mining
16:04 Husbandry
24:40 Bloodlines
25:49 Loom
28:42 Scale Barding Armor
31:54 Caravan
32:25 Coinage
32:45 Horse Collar
34:17 Heavy Plow
38:27 Imperial Age
36:49 Kamandaran
38:14 Heavy Camel Rider
40:08 Hoardings
90_Archer
0:49 Loom
13:24 Feudal Age
15:13 Double-Bit Axe
17:34 Castle Age
16:22 Horse Collar
23:50 Fishing Lines
28:44 Gillnets
29:48 Silk Road
32:01 Fletching
33:38 Pikeman
36:58 Squires
41:20 Imperial Age
41:27 Imperial Age
39:02 Arson
1301015563
5:47 Loom
9:30 Feudal Age
12:22 Double-Bit Axe
17:01 Castle Age
20:06 Bow Saw
25:16 Wheelbarrow
26:21 Gold Mining
26:21 Stone Mining
27:03 Hand Cart
28:40 Forging
28:36 Scale Barding Armor
29:07 Gold Shaft Mining
30:04 Iron Casting
29:49 Chain Barding Armor
32:55 Imperial Age
29:53 Ordonnance Companies
30:50 Husbandry
31:43 Town Watch
33:04 Cavalier
33:53 Chivalry
34:13 Conscription
34:32 Plate Barding Armor
34:57 Blast Furnace
34:35 Paladin
KhmerEmpire9164
2:05 Loom
15:58 Feudal Age
16:56 Feudal Age
17:59 Fishing Lines
20:41 Castle Age
18:48 Horse Collar
20:06 Stone Mining
20:06 Double-Bit Axe
20:16 Gold Mining
21:23 Wheelbarrow
21:23 Gillnets
21:39 Heavy Plow
21:51 Bow Saw
28:51 Hand Cart
32:21 Imperial Age
31:26 Town Watch
32:33 Heavy Scorpion
33:17 Double Crossbow
33:41 Conscription
33:55 Husbandry
34:06 Bloodlines
33:16 Light Cavalry
34:04 Scale Barding Armor
34:10 Forging
34:33 Town Patrol
34:59 Chain Barding Armor
34:37 Murder Holes
35:03 Ballistics
35:43 Chemistry
34:10 Hussar
36:08 Plate Barding Armor
37:38 Iron Casting
37:25 Siege Engineers
39:07 Blast Furnace
wujiang
5:15 Loom
10:47 Feudal Age
11:26 Double-Bit Axe
14:48 Scale Mail Armor
17:01 Arson
18:52 Wheelbarrow
21:27 Forging
23:28 Gold Mining
23:43 Stone Mining
23:37 Horse Collar
26:02 Castle Age
27:06 Chain Mail Armor
27:06 Bow Saw
27:42 Hand Cart
28:16 Pikeman
28:42 Gambesons
29:55 Squires
31:59 Gold Shaft Mining
32:00 Stone Shaft Mining
33:45 Heavy Plow
38:14 Imperial Age
38:17 Iron Casting
38:22 Halberdier
39:44 Crop Rotation
39:54 Conscription
40:37 Chemistry
39:19 Capped Ram
Connection lost

Rejoining the realm…

Still unreachable

The connection could not be restored.

Session expired

The server has moved on; the page needs a fresh start.